 Dungeon Crawl Stone Soup version 0.25-a0-523-g9afb2ee040 (webtiles) character file.

Game seed: 12779913985467889734, levelgen mode: classic

490666 EnegeticOcto the Executioner (level 23, -5/185 HPs)
             Began as a Deep Dwarf Fighter on Feb 18, 2020.
             Was a High Priest of Makhleb.
             Slain by Ginum the pandemonium lord (17 damage)
             ... on level 1 of the Depths.
             The game lasted 00:30:10 (24248 turns).

EnegeticOcto the Executioner (Deep Dwarf Fighter)  Turns: 24248, Time: 00:30:10

Health: -5/185     AC: 27    Str: 23 (26) XL:     23   Next: 58%
Magic:  0/0        EV:  9    Int: 12      God:    Makhleb [*****.]
Gold:   5405       SH: 26    Dex:  7 (10) Spells: 22/22 levels left

rFire    + + +     SeeInvis .   a - +9 broad axe (vorpal)
rCold    + + .     Gourm    .   J - +5 tower shield
rNeg     + + +     Faith    +   O - +1 gold dragon scales
rPois    +         Spirit   .   T - +1 helmet {Int+3}
rElec    +         Reflect  .   (no cloak)
rCorr    .         Harm     .   D - +2 pair of gloves
MR       +++..     Rnd*Rage +   o - +1 pair of boots Stlth ..........NoTele +
                                H - amulet "Caec Xeff" {Faith rPois rF+ rC+}
HPRegen  0.00/turn              l - ring of protection from fire
MPRegen  0.07/turn              W - ring "Igelut" {-Tele rElec rN++ Dex+2}

@: berserk cooldown, non-regenerating, slowed, studying Dodging, very slow
A: damage resistance, heal wounds, fangs 1, thin metallic scales 1, berserk 3,
blurry vision 1, clumsy 2, deformed body, deterioration 2, frail 2, low mp 1,
negative energy resistance 1, sense surroundings 3, screaming 1, teleportitis 2,
weak 2, no potion heal 1, no regeneration
0: Orb of Zot
}: 3/15 runes: decaying, silver, gossamer
a: Heal Wounds, Minor Destruction, Lesser Servant of Makhleb, Major Destruction,
Greater Servant of Makhleb, Renounce Religion


You were on level 1 of the Depths.
You worshipped Makhleb.
Makhleb was extremely pleased with you.
You were very full.

You visited 9 branches of the dungeon, and saw 45 of its levels.
You also visited: Ice Cave and Volcano.

You collected 7416 gold pieces.
You spent 2011 gold pieces at shops.

Inventory:

Hand Weapons
 a - a +9 vorpal broad axe (weapon)
 u - a +1 antimagic broad axe
Armour
 f - the +2 cloak of the Thief {+Fog Slay-2 SInv Stlth+}
   (You acquired it on level 4 of the Spider Nest)

   It affects your accuracy and damage with ranged weapons and melee attacks
   (-2).
   It lets you see invisible.
   It makes you more stealthy.
   If you switch to wearing this armour, your AC will increase by 4 (27 -> 31).
 o - a +1 pair of boots (worn)
 D - a +2 pair of gloves (worn)
 J - a +5 tower shield (worn)
 O - +1 gold dragon scales (worn)
 T - a +1 helmet of intelligence (worn)
Jewellery
 l - a ring of protection from fire (left hand)
 C - the ring "Seaha" {rN+ Dex+2, unknown}
   (You found it on level 2 of the Depths)

   [ring of positive energy]

   It affects your dexterity (+2).
   It protects you from negative energy.
 H - the amulet "Caec Xeff" (around neck) {Faith rPois rF+ rC+}
   (You bought it in a shop on level 2 of the Orcish Mines)

   [amulet of faith]

   It allows you to gain divine favour quickly.
   It protects you from fire.
   It protects you from cold.
   It protects you from poison.
 W - the ring "Igelut" (right hand) {-Tele rElec rN++ Dex+2}
   (You took it off a deep elf high priest on level 5 of the Vaults)

   [ring of dexterity]

   It affects your dexterity (+2).
   It insulates you from electricity.
   It greatly protects you from negative energy.
   It prevents most forms of teleportation.
Wands
 h - a wand of enslavement (20)
 i - a wand of digging (4) {@V2}
 s - a wand of paralysis (34)
 N - a wand of iceblast (7)
 P - a wand of acid (24) {@V1}
Scrolls
 d - 11 scrolls of remove curse {@r6}
 k - a scroll of identify {@r1}
 v - 7 scrolls of teleportation {@r2}
 w - a scroll of brand weapon
 x - 3 scrolls of fog
 y - 2 scrolls of blinking {@r3}
 z - 3 scrolls of vulnerability
 B - 6 scrolls of fear
 F - 2 scrolls of magic mapping {@r5}
 K - 3 scrolls of holy word
Potions
 b - 2 potions of flight
 c - a potion of mutation
 g - 6 potions of lignification {@q7}
 j - 3 potions of stabbing {@q5}
 p - 2 potions of brilliance
 q - 6 potions of curing {@q1}
 t - 2 potions of magic
 L - 2 potions of degeneration {unknown}
 M - a potion of invisibility
 Q - 5 potions of ambrosia
Books
 G - a manual of Dodging
Miscellaneous
 E - a lamp of fire
 X - a phantom mirror
Comestibles
 e - 36 rations


   Skills:
 * Level 19.5 Fighting
 * Level 22.4 Axes
 + Level 16.9 Armour
 + Level 18.4 Dodging
 + Level 16.8 Shields
 + Level 18.9 Invocations


You had 22 spell levels left.
You didn't know any spells.
Your spell library contained the following spells:

 Spells                   Type           Power        Failure   Level  Hunger
 Animate Skeleton         Necr           N/A          100%        1    ##.....
 Apportation              Tloc           #.....       100%        1    ##.....
 Beastly Appendage        Tmut           #.....       100%        1    ##.....
 Corona                   Hex            #......      100%        1    ##.....
 Foxfire                  Conj/Fire      #...         100%        1    ##.....
 Magic Dart               Conj           #...         100%        1    ##.....
 Summon Small Mammal      Summ           #...         100%        1    ##.....
 Ensorcelled Hibernation  Hex/Ice        #.....       100%        2    ###....
 Searing Ray              Conj           #.....       100%        2    ###....
 Sticks to Snakes         Tmut           #.......     100%        2    ###....
 Dazzling Flash           Conj/Hex       #.....       100%        3    ####...
 Ozocubu's Armour         Chrm/Ice       #.......     100%        3    ####...
 Recall                   Summ/Tloc      N/A          100%        3    ####...
 Spider Form              Tmut/Pois      #.........   100%        3    ####...
 Static Discharge         Conj/Air       #.......     100%        3    ####...
 Stone Arrow              Conj/Erth      #.....       100%        3    ####...
 Animate Dead             Necr           N/A          100%        4    #####..
 Cause Fear               Hex            #.........   100%        4    #####..
 Fulminant Prism          Conj/Hex       #.........   100%        4    #####..
 Ice Form                 Ice/Tmut       #.......     100%        4    #####..
 Iskenderun's Mystic Bla  Conj/Tloc      #.......     100%        4    #####..
 Petrify                  Tmut/Erth      #.......     100%        4    #####..
 Summon Ice Beast         Ice/Summ       #.......     100%        4    #####..
 Blade Hands              Tmut           #.........   100%        5    ######.
 Borgnjor's Vile Clutch   Necr/Erth      #.........   100%        5    ######.
 Lightning Bolt           Conj/Air       #.........   100%        5    ######.
 Silence                  Hex/Air        #.........   100%        5    ######.
 Yara's Violent Unravell  Hex/Tmut       #.........   100%        5    ######.
 Death Channel            Necr           #.........   100%        6    #######
 Deflect Missiles         Chrm/Air       #.........   100%        6    #######
 Ozocubu's Refrigeration  Ice            #.........   100%        6    #######
 Simulacrum               Ice/Necr       #.........   100%        6    #######
 Statue Form              Tmut/Erth      #........    100%        6    #######
 Dragon Form              Tmut           #.........   100%        7    #######
 Chain Lightning          Conj/Air       #.........   100%        8    #######
 Discord                  Hex            #.........   100%        8    #######
 Ignition                 Fire           #.........   100%        8    #######
 Lehudib's Crystal Spear  Conj/Erth      #.........   100%        8    #######
 Dragon's Call            Summ           #.........   100%        9    #######
 Fire Storm               Conj/Fire      #.........   100%        9    #######
 Glaciate                 Conj/Ice       #.........   100%        9    #######
 Shatter                  Erth           #.........   100%        9    #######
 Tornado                  Air            #.........   100%        9    #######


Dungeon Overview and Level Annotations

Branches:
Dungeon (15/15)            Temple (1/1) D:5            Lair (4/6) D:11
  Swamp (4/4) Lair:2       Spider (4/4) Lair:3          Orc (2/2) D:11
    Elf (0/3) Orc:2        Vaults (5/5) D:13         Depths (5/5) D:15
    Zot (5/5) Depths:5      IceCv (visited)         Volcano (visited)
  Crypt: Vaults:2-3

Altars:
Ashenzari
Cheibriados
Dithmenos
Fedhas
Kikubaaqudgha
Makhleb
Nemelex Xobeh
Okawaru
Qazlal
Ru
Vehumet
Wu Jian
Xom
Zin
The Shining One
Beogh

Shops:
D:4 [   D:13 %   D:14 *   Orc:1 ?   Orc:2 *=([}

Portals:
Hell: Depths:1 Depths:5

Annotations:
D:8 2 exclusions
Swamp:1 Frances, Roxanne
Vaults:4 exclusion: orange crystal statue


Innate Abilities, Weirdness & Mutations

You are resistant to damage.
You can heal yourself by infusing magical energy.
You resist negative energy. (rN+)
You passively map a large area around you.
You do not regenerate.
You have very sharp teeth.
You are partially covered in thin metallic scales. (AC +2)
You have an uncontrollable temper.
Scrolls take you a little longer to read.
You are very clumsy. (Dex -4)
Armour fits poorly on your strangely shaped body.
Your body often deteriorates upon taking damage.
You are very frail. (-20% HP)
Your magical capacity is low. (-10% MP)
You occasionally shout uncontrollably at your foes.
You are sometimes teleported next to monsters.
You are very weak. (Str -4)
Potions are less effective at restoring your health.


Message History

* * * LOW HITPOINT WARNING * * *
The chaos spawn gores you but does no damage.
You block the smoke demon's attack. x2
The smoke demon hits you but does no damage.
Ginum hits you but does no damage.
The lich gestures at you while chanting.
You block the crystal spear. You block the chaos spawn's attack.
You block the smoke demon's attack.
The smoke demon hits you but does no damage. x2
You don't have enough innate magic capacity.
Your system partially rejects the healing.
You feel much better. You block Ginum's attack. You block the lich's attack.
Ginum hits you but does no damage.
Your balrug hits the lich with a +1 vampiric demon whip!
The lich is engulfed in flames!
The chaos spawn gores you but does no damage.
The lich closely misses you. You block the smoke demon's attack.
The smoke demon hits you but does no damage. x2
Ginum hits you but does no damage.
Your system partially rejects the healing.
You feel much better. You block the lich's attack.
Your balrug closely misses the lich.
Ginum hits you!
* * * LOW HITPOINT WARNING * * *
You block the chaos spawn's attack. The smoke demon gestures at you.
Something smites you!
* * * LOW HITPOINT WARNING * * *
The lich touches you but does no damage.
Your balrug closely misses the lich.
Ginum hits you!
* * * LOW HITPOINT WARNING * * *
You block the chaos spawn's attack. The smoke demon gestures at you.
The ball of steam hits you. You resist.
Okay, then.
Press: ? - help, v - describe, . - travel
Here: Ginum, armed with a painful touch The floor, spattered with blood.
Evoke which item? (* to show all) (? for menu, Esc to quit)
Okay, then.
You cannot blink because you are wearing the ring "Igelut" {-Tele rElec rN++ Dex+2}.
Unknown command.
Your system partially rejects the healing.
You feel better. You block the lich's attack. Ginum barely misses you.
Your balrug gestures at the lich.
The lich is smitten.
The lich touches you but does no damage.
You block Ginum's attack.
The chaos spawn gores you but does no damage.
The smoke demon closely misses you. You block the smoke demon's attack. x2
Your balrug hits the lich with a +1 vampiric demon whip!
The lich is engulfed in flames!!
The lich is destroyed!
Makhleb accepts your kill.
Your system partially rejects the healing.
You feel better. Ginum hits you!
* * * LOW HITPOINT WARNING * * *
You block Ginum's attack.
Your balrug hits Ginum with a +1 vampiric demon whip!
Ginum is engulfed in flames!
Ginum resists.
You block the chaos spawn's attack. The smoke demon completely misses you.
The smoke demon closely misses you.
The smoke demon hits you but does no damage.
Ginum hits you!
* * * LOW HITPOINT WARNING * * *
Your balrug hits Ginum with a +1 vampiric demon whip.
Ginum is engulfed in flames!
Ginum resists.
The chaos spawn barely misses you.
The smoke demon hits you but does no damage. x3
You miss Ginum. Your bite misses Ginum.
Ginum is lightly wounded.
You slash the smoke demon!
You kill the smoke demon!
Makhleb accepts your kill.
You feel better.
You slash the chaos spawn!
You kill the chaos spawn!
Makhleb accepts your kill.
You feel better.
The chaos spawn degenerates into a cloud of primal chaos!
You block Ginum's attack.
Your balrug gestures at Ginum.
The bolt of fire hits Ginum!!
Ginum resists.
Ginum hits you!!
* * * LOW HITPOINT WARNING * * *
Your body deteriorates!
You feel weakened.
A sun demon and 2 infernal demonspawn come into view.
An infernal demonspawn is wielding a +1 demon trident of venom.
You slice Ginum!!
Ginum is moderately wounded.
Ginum hits you!
* * * LOW HITPOINT WARNING * * *
Your balrug hits Ginum with a +1 vampiric demon whip!
Ginum is engulfed in flames!
Ginum resists.
Ginum barely misses you.
Your balrug misses Ginum. You hit Ginum but do no damage.
Ginum is heavily wounded.
You block Ginum's attack.
Your balrug hits Ginum but does no damage.
You closely miss Ginum.
Ginum is heavily wounded.
You block Ginum's attack.
Your balrug hits Ginum with a +1 vampiric demon whip!
Ginum is engulfed in flames!
Ginum resists.
Ginum hits you!!
You die...

* #### #..$ ⌠.⌠. *
._..########################
⌠.⌠....>.........∩.........##
...)$.[.....................##
................@.6..........##
................&..3...###....##
...#...........2.......###.....##
..###.)............6...###......#
.. #.............................
. ..............#................
####.........###...............
,* ######.....#................ ,
##.....................


You could see Ginum, a sun demon, 2 demonspawn and a friendly balrug.

Vanquished Creatures
  8 orbs of fire
  3 ancient liches (Zot:5)
  2 Killer Klowns (Zot:5)
  the Lernaean hydra (Swamp:4)
  A curse toe (Zot:5)
  4 golden dragons
  13 tentacled monstrosities
  15 Orb Guardians (Zot:5)
  Asterion (Vaults:3)
  Rupert (D:13)
  A quicksilver dragon (Vaults:5)
  3 titans
  8 death cobs
  3 sphinxes (Vaults:5)
  Agnes (Spider:4)
  A draconian monk (Zot:5)
  5 shadow dragons
  A thorn hunter (Swamp:3)
  3 tengu reavers (Vaults:5)
  5 storm dragons
  5 fire giants
  11 vault wardens
  A deep elf sorcerer (Vaults:5)
  Louise (Swamp:2)
  6 frost giants
  5 draconian knights
  6 draconian scorchers
  3 orc warlords
  4 ghost moths
  2 draconian stormcallers
  3 draconian shifters
  Aizul (Spider:4)
  A draconian annihilator (Zot:5)
  6 emperor scorpions (Spider:4)
  10 ironheart preservers
  20 stone giants
  3 war gargoyles (Vaults:5)
  2 entropy weavers
  13 very ugly things
  A vampire knight (Depths:1)
  A deep elf demonologist (Vaults:5)
  9 green draconians
  7 red draconians
  9 black draconians
  4 purple draconians
  5 yellow draconians
  2 spark wasps (Depths:3)
  11 white draconians
  7 large abominations (Vaults:5)
  2 deep elf death magi
  6 ettins
  3 fire dragons
  3 deep elf high priests (Vaults:5)
  Josephine (D:14)
  A great orb of eyes (Depths:3)
  4 ice dragons
  22 vault guards
  10 yaktaur captains
  4 rakshasas
  6 hydras
  An ice dragon (shapeshifter) (Vaults:5)
  6 centaur warriors
  A death knight (Vaults:4)
  2 shambling mangroves (Swamp:2)
  33 two-headed ogres
  6 alligators
  12 deep troll shamans
  A queen ant (shapeshifter) (Vaults:5)
  A tengu warrior (Depths:5)
  4 ogre magi
  A death yak (IceCv)
  7 deep troll earth magi
  Urug (D:13)
  2 spriggans
  A vampire mage (Depths:2)
  A sun demon (Volcano)
  A deep elf knight (Vaults:5)
  2 salamander mystics (Depths:5)
  5 skeletal warriors (D:15)
  6 swamp dragons
  9 iron trolls
  7 hell knights (Depths:3)
  8 unseen horrors
  A swamp dragon (shapeshifter) (D:15)
  A glowing orange brain (Depths:3)
  A shadow demon (Depths:1)
  3 phantasmal warriors
  An obsidian statue (Zot:5)
  Pikel (D:7)
  27 deep trolls
  7 small abominations
  3 wizards
  7 ironbrand convokers
  5 orb spiders
  2 necromancers
  7 orc knights
  A tengu skeleton (Vaults:4)
  7 cyclopes
  6 salamanders (Depths:5)
  6 deep elf magi
  A human zombie (Vaults:4)
  5 orc sorcerers
  3 manticores (D:12)
  13 wolf spiders
  13 ugly things
  A fire giant zombie (Vaults:5)
  A manticore (shapeshifter) (Vaults:5)
  A shadow dragon skeleton (Vaults:5)
  A fire giant skeleton (Vaults:5)
  13 vault sentinels
  5 elephants (Lair:2)
  7 moths of wrath
  A human skeleton (Vaults:4)
  2 centaur zombies
  A black mamba (Lair:2)
  An ice statue (IceCv)
  A smoke demon (Depths:1)
  A water nymph (shapeshifter) (D:15)
  3 gargoyles
  8 spiny frogs
  A torpor snail (Spider:1)
  4 rime drakes
  30 yaktaurs
  Maggie (Lair:2)
  An elf zombie (Vaults:5)
  A kobold demonologist (D:11)
  An efreet (D:14)
  2 ice devils (Lair:1)
  A red devil (Volcano)
  3 demonic crawlers
  3 komodo dragons
  A troll (shapeshifter) (D:15)
  A tengu conjurer (Depths:3)
  A harpy zombie (D:14)
  10 jumping spiders
  7 tyrant leeches
  12 polar bears (IceCv)
  10 trolls
  A blink frog (shapeshifter) (D:14)
  9 hornets
  2 hornets (shapeshifter)
  A polar bear (shapeshifter) (Vaults:4)
  4 hippogriffs
  6 bog bodies
  23 slime creatures
  2 dream sheep (D:8)
  A fire giant simulacrum (Vaults:5)
  An ettin zombie (Vaults:4)
  33 redbacks
  A stone giant simulacrum (Vaults:4)
  A centaur simulacrum (D:14)
  3 shadows
  5 wraiths
  14 tarantellas
  A tarantella (shapeshifter) (D:15)
  A water elemental (Depths:4)
  A steam dragon (Lair:4)
  A wyvern (D:11)
  2 basilisks
  16 humans (D:13)
  A basilisk (shapeshifter) (Vaults:4)
  A hungry ghost (D:14)
  10 vampire mosquitoes
  27 yaks
  A chaos spawn (Depths:1)
  10 insubstantial wisps
  3 soldier ants
  7 swamp worms
  5 wargs
  4 porcupines
  An acid dragon (D:11)
  3 hell hounds (Volcano)
  8 water moccasins
  2 water moccasins (shapeshifter)
  Duvessa (D:6)
  2 swamp drakes
  5 ice beasts
  4 slaves (D:7)
  42 orc warriors
  3 sky beasts
  A black bear (D:8)
  2 necrophages
  17 wolves
  2 phantoms
  26 ogres
  3 boggarts (D:15)
  8 crocodiles
  5 centaurs
  4 big kobolds
  Blork the orc (D:6)
  2 earth elementals (D:14)
  18 bullfrogs
  Dowan (D:6)
  2 scorpions
  14 wights
  6 electric eels
  A bullfrog zombie (D:5)
  A howler monkey (D:7)
  9 crimson imps
  6 hounds
  3 bullfrog skeletons
  A jelly (shapeshifter) (Vaults:5)
  3 jellies
  21 orc priests
  A gnoll shaman (D:8)
  28 orc wizards
  A centaur skeleton (D:6)
  4 iguanas
  9 worker ants
  A killer bee zombie (D:7)
  A hound skeleton (D:4)
  A howler monkey zombie (D:8)
  9 gnolls (D:8)
  3 adders
  4 shadow imps
  An ooze (D:6)
  An adder zombie (D:7)
  2 adder skeletons
  A worm (D:2)
  4 leopard geckos
  115 orcs
  A goblin (D:1)
  2 hobgoblins
  13 kobolds
  7 quokkas
  A ball python skeleton (D:6)
  A bat (D:1)
  3 frilled lizards
  A rat (D:1)
  3 briar patches (Swamp:3)
  4 crawling corpses
  6 plants
1331 creatures vanquished.

Vanquished Creatures (collateral kills)
  An ancient lich (Zot:5)
  A Killer Klown (Zot:5)
  A golden dragon (Vaults:5)
  An electric golem (Zot:5)
  A lich (Depths:1)
  8 Orb Guardians (Zot:5)
  A titan (Vaults:5)
  A thorn hunter (Swamp:4)
  A shadow dragon (Vaults:5)
  A fire giant (Depths:4)
  A storm dragon (Zot:5)
  A draconian knight (Zot:4)
  An emperor scorpion (Spider:4)
  An orc warlord (Orc:2)
  A ghost moth (Zot:4)
  A vault warden (Vaults:4)
  A draconian scorcher (Zot:5)
  2 ironheart preservers
  2 very ugly things (Depths:5)
  A black draconian (Zot:3)
  An ettin (Vaults:5)
  A deep elf high priest (Vaults:5)
  A rakshasa (D:15)
  An ogre mage (Depths:4)
  3 vault guards (Vaults:5)
  9 hydras
  A shambling mangrove (Swamp:4)
  A two-headed ogre (Depths:4)
  2 alligators (Swamp:4)
  A death knight (D:15)
  A deep troll earth mage (Depths:4)
  An orc high priest (Orc:2)
  A spriggan (Swamp:4)
  An iron troll (Depths:4)
  9 swamp dragons (Swamp:4)
  3 deep trolls (Vaults:5)
  2 orc knights
  An ugly thing (Depths:5)
  A wolf spider (Spider:4)
  5 orb spiders (Spider:4)
  2 orc sorcerers (Orc:2)
  A deep elf mage (Vaults:5)
  2 moths of wrath
  A spiny frog (Lair:3)
  A vault sentinel (Vaults:5)
  A komodo dragon (Lair:3)
  A demonic crawler (Spider:4)
  3 yaktaurs
  A troll (Orc:2)
  A hornet (Swamp:4)
  A jumping spider (Lair:3)
  4 redbacks (Spider:4)
  3 yaks (Lair:3)
  2 water elementals (Depths:4)
  A vampire mosquito (D:13)
  3 insubstantial wisps (Swamp:4)
  4 swamp worms (Swamp:4)
  An acid dragon (D:15)
  A water moccasin (Lair:3)
  5 orc warriors
  3 swamp drakes (Swamp:4)
  2 ogres (Depths:4)
  An electric eel (Spider:4)
  An orc priest (Orc:2)
  3 orc wizards (Orc:2)
124 creatures vanquished.

Vanquished Creatures (others)
  A storm dragon (Zot:4)
  A purple draconian (Zot:4)
  2 ogre magi (Vaults:4)
  A deep troll (Vaults:5)
  An ugly thing (Vaults:5)
  A tengu conjurer (D:13)
  A sky beast (shapeshifter) (Depths:5)
  An ogre (D:13)
  A wolf (IceCv)
  An orc (Vaults:5)
  A briar patch (Swamp:3)
  A crawling corpse (Vaults:5)
  A fungus (Lair:3)
  25 plants
39 creatures vanquished.

Grand Total: 1494 creatures vanquished

Notes
Turn   | Place    | Note
-------+----------+-------------------------------------------
     0 | D:1      | EnegeticOcto the Deep Dwarf Fighter began the quest for the
                  | Orb.
     0 | D:1      | Reached XP level 1. HP: 20/20 MP: 1/1
   116 | D:2      | Reached XP level 2. HP: 25/27 MP: 2/2
   219 | D:4      | Noticed a bullfrog
   222 | D:4      | Reached skill level 3 in Axes
   222 | D:4      | Reached skill level 1 in Dodging
   222 | D:4      | Reached XP level 3. HP: 25/34 MP: 3/3
   237 | D:4      | Reached XP level 4. HP: 29/42 MP: 4/4
   238 | D:4      | Killed a bullfrog
   238 | D:4      | Reached XP level 5. HP: 34/49 MP: 5/5
   262 | D:4      | Noticed an ogre
   278 | D:4      | Killed an ogre
   278 | D:4      | Reached skill level 4 in Axes
   319 | D:4      | Found Takuick's Antique Armour Boutique.
   338 | D:4      | Reached XP level 6. HP: 44/57 MP: 6/6
   727 | D:4      | Found a glowing golden altar of the Shining One.
   738 | D:4      | Reached XP level 7. HP: 60/66 MP: 7/7
   859 | D:5      | Entered Level 5 of the Dungeon
   884 | D:5      | Gained mutation: Your body sometimes deteriorates upon
                  | taking damage. [potion of mutation]
   884 | D:5      | Gained mutation: You are partially covered in thin metallic
                  | scales. (AC +2) [potion of mutation]
   885 | D:5      | Lost mutation: Your body sometimes deteriorates upon taking
                  | damage. [potion of mutation]
   885 | D:5      | Lost mutation: You are partially covered in thin metallic
                  | scales. (AC +2) [potion of mutation]
   885 | D:5      | Gained mutation: You have very sharp teeth. [potion of
                  | mutation]
   885 | D:5      | Gained mutation: You are partially covered in thin metallic
                  | scales. (AC +2) [potion of mutation]
   885 | D:5      | Gained mutation: You are clumsy. (Dex -2) [potion of
                  | mutation]
   885 | D:5      | Gained mutation: Your mind is acute. (Int +2) [potion of
                  | mutation]
  1006 | D:5      | Reached skill level 5 in Axes
  1029 | D:5      | Found a staircase to the Ecumenical Temple.
  1042 | Temple   | Entered the Ecumenical Temple
  1059 | Temple   | Became a worshipper of Makhleb the Destroyer
  1278 | D:5      | Found an ornate altar of the Wu Jian Council.
  1394 | D:5      | Found a shattered altar of Ashenzari.
  1786 | D:6      | Noticed Blork the orc
  1795 | D:6      | Killed Blork the orc
  1816 | D:6      | Found an iron altar of Okawaru.
  1859 | D:6      | Reached skill level 1 in Invocations
  1912 | D:6      | Reached skill level 5 in Fighting
  1990 | D:6      | Noticed Duvessa
  1992 | D:6      | Noticed Dowan
  2004 | D:6      | Killed Duvessa
  2004 | D:6      | Reached skill level 5 in Armour
  2013 | D:6      | Killed Dowan
  2013 | D:6      | Reached skill level 5 in Shields
  2013 | D:6      | Reached XP level 8. HP: 63/74 MP: 9/9
  2147 | D:6      | Reached skill level 6 in Axes
  2663 | D:7      | Noticed Pikel
  2772 | D:7      | Killed Pikel
  2848 | D:7      | Reached * piety under Makhleb
  2886 | D:7      | Found an ornate altar of the Wu Jian Council.
  3146 | D:7      | Reached skill level 7 in Axes
  3146 | D:7      | Gained mutation: You passively map the area around you.
                  | [Deep Dwarf growth]
  3146 | D:7      | Reached XP level 9. HP: 52/82 MP: 10/10
  3830 | D:8      | Reached ** piety under Makhleb
  3912 | D:8      | Reached skill level 5 in Dodging
  3977 | D:8      | Noticed a two-headed ogre
  3993 | D:8      | Killed a two-headed ogre
  3993 | D:8      | Reached skill level 8 in Axes
  3993 | D:8      | Reached skill level 5 in Invocations
  4296 | D:8      | Reached XP level 10. HP: 94/94 MP: 12/12
  4498 | D:9      | Noticed a two-headed ogre
  4518 | D:9      | Killed a two-headed ogre
  4518 | D:9      | Reached skill level 9 in Axes
  4628 | D:9      | Reached *** piety under Makhleb
  4975 | D:9      | Noticed a two-headed ogre
  4994 | D:9      | Killed a two-headed ogre
  5111 | D:10     | Entered Level 10 of the Dungeon
  5523 | D:10     | Got an ancient scale mail
  5524 | D:10     | Identified the cursed +0 scale mail of the Mantidfly {Int+3
                  | Dex+3 SInv} (You found it on level 10 of the Dungeon)
  6123 | D:11     | Found a glowing silver altar of Zin.
  6175 | D:11     | Noticed an orange demon
  6181 | D:11     | Noticed an orange demon
  6323 | D:11     | Reached XP level 11. HP: 104/104 MP: 13/13
  6376 | D:11     | Found a staircase to the Orcish Mines.
  6443 | D:11     | Reached **** piety under Makhleb
  6606 | D:11     | Reached skill level 10 in Axes
  6774 | D:11     | Found a staircase to the Lair.
  6796 | D:11     | Noticed an eight-headed hydra
  6824 | D:11     | Killed a four-headed hydra
  7020 | D:12     | Paralysed by a hornet for 3 turns
  7627 | D:12     | Noticed a deep elf mage
  7639 | D:12     | Killed a deep elf mage
  7759 | D:13     | Noticed a centaur warrior
  7784 | D:13     | Killed a centaur warrior
  7914 | D:13     | Reached skill level 11 in Axes
  7917 | D:13     | Reached ***** piety under Makhleb
  7967 | D:13     | Noticed Urug
  7990 | D:13     | Noticed Rupert
  7993 | D:13     | Reached XP level 12. HP: 106/116 MP: 15/15
  8022 | D:13     | Paralysed by Rupert for 7 turns
  8023 | D:13     | Noticed a centaur warrior
  8063 | D:13     | Killed Rupert
  8102 | D:13     | Killed a centaur warrior
  8108 | D:13     | Reached skill level 10 in Fighting
  8191 | D:13     | Killed Urug
  8281 | D:13     | Found a gate to the Vaults.
  8517 | D:13     | Noticed a two-headed ogre
  8531 | D:13     | Killed a two-headed ogre
  8587 | D:13     | Found Faperghe's Food Shop.
  8690 | D:13     | Reached skill level 12 in Axes
  8878 | D:14     | Found an ancient bone altar of Kikubaaqudgha.
  8989 | D:14     | Noticed Josephine
  9021 | D:14     | Killed Josephine
  9241 | D:14     | Noticed a two-headed ogre
  9260 | D:14     | Killed a two-headed ogre
  9260 | D:14     | Reached XP level 13. HP: 124/124 MP: 10/10
  9874 | D:14     | Found a shadowy altar of Dithmenos.
  9875 | D:14     | Found Temostapa's Pet Rocks.
  9915 | D:15     | Entered Level 15 of the Dungeon
 10165 | D:15     | Reached skill level 10 in Invocations
 10454 | D:15     | Reached skill level 13 in Axes
 10464 | D:15     | Found a staircase to the Depths.
 10472 | D:15     | Reached skill level 10 in Armour
 10600 | D:15     | Reached skill level 10 in Shields
 10873 | Orc:1    | Entered Level 1 of the Orcish Mines
 10931 | Orc:2    | Entered Level 2 of the Orcish Mines
 10931 | Orc:2    | Found a staircase to the Elven Halls.
 10946 | Orc:1    | Found Huhausto's Magic Scroll Shoppe.
 10986 | Orc:1    | Bought 2 scrolls of enchant armour for 180 gold pieces
 10986 | Orc:1    | Bought a scroll of enchant weapon for 90 gold pieces
 11087 | Orc:1    | Noticed an orc warlord
 11090 | Orc:1    | Noticed a stone giant
 11119 | Orc:1    | Killed an orc warlord
 11140 | Orc:1    | Killed a stone giant
 11175 | Orc:1    | Noticed an orc warlord
 11175 | Orc:1    | Reached ****** piety under Makhleb
 11212 | Orc:1    | Killed an orc warlord
 11212 | Orc:1    | Gained mutation: You resist negative energy. (rN+) [Deep
                  | Dwarf growth]
 11212 | Orc:1    | Reached XP level 14. HP: 81/136 MP: 7/7
 11240 | Orc:1    | Found a roughly hewn altar of Beogh.
 11361 | Orc:1    | Found a dark tunnel.
 11408 | Volcano  | Entered a volcano
 11933 | Orc:2    | Noticed an orc warlord
 11967 | Orc:2    | Killed an orc warlord
 11998 | Orc:2    | Found a roughly hewn altar of Beogh.
 12021 | Orc:2    | Found Laariot's General Store.
 12025 | Orc:2    | Found Ejisera's Jewellery Shoppe.
 12102 | Orc:2    | Bought the amulet "Caec Xeff" {Faith rPois rF+ rC+} for 912
                  | gold pieces
 12244 | Orc:2    | Reached skill level 10 in Dodging
 12253 | Orc:2    | Found Aruhoi's Gadget Boutique.
 12433 | Orc:2    | Found Diecoir's Antique Weapon Shoppe.
 12439 | Orc:2    | Bought a runed broad axe for 140 gold pieces
 12448 | Orc:2    | Found Rusesife's Antique Armour Shoppe.
 12455 | Orc:2    | Bought a shiny chain mail for 225 gold pieces
 12455 | Orc:2    | Bought a tower shield for 135 gold pieces
 12485 | Orc:2    | Bought a runed chain mail for 225 gold pieces
 12707 | Orc:2    | Bought a potion of mutation for 104 gold pieces
 12787 | Lair:1   | Entered Level 1 of the Lair of Beasts
 12804 | Lair:1   | Found a frozen archway.
 12835 | IceCv    | Entered an ice cave
 12893 | IceCv    | Reached skill level 14 in Axes
 13164 | IceCv    | Noticed a frost giant
 13203 | IceCv    | Killed a frost giant
 13481 | Lair:2   | Found a staircase to the Swamp.
 13734 | Lair:2   | Noticed Maggie
 13752 | Lair:2   | Killed Maggie
 14212 | Lair:3   | Reached XP level 15. HP: 20/146 MP: 8/8
 14277 | Lair:3   | Found a hole to the Spider Nest.
 14957 | Spider:1 | Entered Level 1 of the Spider Nest
 15455 | Spider:4 | Entered Level 4 of the Spider Nest
 15469 | Spider:4 | Reached skill level 15 in Axes
 16049 | Spider:4 | Killed a ghost moth
 16241 | Spider:4 | Noticed Aizul
 16265 | Spider:4 | Killed Aizul
 16394 | Spider:4 | Noticed Agnes
 16404 | Spider:4 | Killed Agnes
 16457 | Spider:4 | Killed a ghost moth
 16539 | Spider:4 | Got a gossamer rune of Zot
 16846 | Spider:4 | Identified a scroll of acquirement
 16847 | Spider:4 | Identified the amulet "Emod" {Gourm MP+9 Str-3 Int+10
                  | Slay-5} (You acquired it on level 4 of the Spider Nest)
 16848 | Spider:4 | Found the +2 cloak of the Thief {+Fog Slay-2 SInv Stlth+}
 17032 | Swamp:1  | Entered Level 1 of the Swamp
 17047 | Swamp:1  | Reached XP level 16. HP: 150/157 MP: 9/9
 17243 | Swamp:1  | Noticed Frances
 17336 | Swamp:1  | Noticed Roxanne
 17405 | Swamp:2  | Noticed Louise
 17409 | Swamp:2  | Paralysed by a hornet for 1 turns
 17424 | Swamp:2  | Reached skill level 16 in Axes
 17468 | Swamp:2  | Killed Louise
 17668 | Swamp:3  | Got a steaming pewter ring
 17717 | Swamp:3  | Noticed a thorn hunter
 17733 | Swamp:3  | Killed a thorn hunter
 17847 | Swamp:4  | Entered Level 4 of the Swamp
 17899 | Swamp:4  | Noticed a thorn hunter
 17906 | Swamp:4  | Killed a thorn hunter
 17910 | Swamp:4  | Noticed the 27-headed Lernaean hydra
 17916 | Swamp:4  | Killed the 27-headed Lernaean hydra
 17980 | Swamp:4  | Got a decaying rune of Zot
 18233 | Vaults:1 | Entered Level 1 of the Vaults
 18404 | Vaults:1 | Reached XP level 17. HP: 161/168 MP: 9/9
 18848 | Vaults:2 | Identified the ring "Cieselap" {Fire +Blink rPois Str+7
                  | Dex-4} (You found it on level 3 of the Swamp)
 18874 | Vaults:3 | You fall into a shaft and drop 1 floor!
 18896 | Vaults:4 | Reached skill level 17 in Axes
 18933 | Vaults:4 | Reached skill level 15 in Fighting
 19070 | Vaults:4 | Gained mutation: You passively map a large area around you.
                  | [Deep Dwarf growth]
 19070 | Vaults:4 | Reached XP level 18. HP: 178/178 MP: 10/10
 19479 | Vaults:5 | Entered Level 5 of the Vaults
 19485 | Vaults:5 | Noticed a tentacled monstrosity
 19493 | Vaults:5 | Killed a tentacled monstrosity
 19519 | Vaults:5 | Reached skill level 18 in Axes
 19628 | Vaults:5 | Noticed a golden dragon
 19643 | Vaults:5 | Killed a golden dragon
 19665 | Vaults:5 | Reached skill level 15 in Invocations
 19699 | Vaults:5 | Identified the ring "Igelut" {-Tele rElec rN++ Dex+2}
 19755 | Vaults:5 | Noticed a tentacled monstrosity
 19760 | Vaults:5 | Noticed a golden dragon
 19767 | Vaults:5 | Killed a tentacled monstrosity
 19773 | Vaults:5 | Noticed a tentacled monstrosity
 19779 | Vaults:5 | Killed a golden dragon
 19784 | Vaults:5 | Reached XP level 19. HP: 159/188 MP: 8/8
 19891 | Vaults:5 | Reached skill level 19 in Axes
 20098 | Vaults:5 | Found the +27 Lear's hauberk
 20102 | Vaults:5 | Identified the Almanac of Evil and Snow
 20105 | Vaults:5 | Got a steaming bone ring
 20107 | Vaults:5 | Identified the Grimoire of Excruciating Shape Shifting
 20177 | Vaults:5 | Identified the amulet "Hirul" {Gourm +Blink Int+4 Slay-6
                  | SInv}
 20341 | Vaults:5 | Got a silver rune of Zot
 20806 | Vaults:5 | Reached XP level 20. HP: 182/200 MP: 9/9
 20841 | Vaults:5 | Noticed a golden dragon
 20856 | Vaults:5 | Killed a golden dragon
 21230 | Vaults:5 | Identified the cursed -1 cloak of the Echidna {Str+3} (You
                  | found it on level 5 of the Vaults)
 21231 | Vaults:5 | Identified the ring "Weckud" {rF+ Str+2 Dex+4 SInv} (You
                  | found it on level 5 of the Vaults)
 21234 | Vaults:5 | Identified the ring "Onnapesh" {Str+2 Int+2} (You acquired
                  | it on level 5 of the Vaults)
 21480 | Vaults:3 | Noticed Asterion
 21494 | Vaults:3 | Killed Asterion
 21683 | Depths:1 | Entered Level 1 of the Depths
 21710 | Depths:1 | Found a gateway to Hell.
 21730 | Depths:1 | Found a sparkling altar of Nemelex Xobeh.
 21827 | Depths:2 | Got a glittering bone ring
 21925 | Depths:3 | Reached skill level 15 in Armour
 21959 | Depths:3 | Reached skill level 15 in Shields
 21971 | Depths:3 | Reached skill level 20 in Axes
 22013 | Depths:3 | Reached skill level 15 in Dodging
 22219 | Depths:5 | Entered Level 5 of the Depths
 22232 | Depths:5 | Reached XP level 21. HP: 200/211 MP: 10/10
 22437 | Depths:5 | Identified the ring "Wuhoifin" {rCorr Str+4 Dex+3} (You
                  | acquired it on level 5 of the Depths)
 22520 | Depths:5 | Found a gate to the Realm of Zot.
 22555 | Zot:1    | Entered Level 1 of the Realm of Zot
 22610 | Zot:3    | Noticed an orb of fire
 22611 | Zot:3    | Noticed an orb of fire
 22618 | Zot:3    | Gained mutation: You tend to lose your temper in combat.
                  | [an orb of fire]
 22622 | Zot:3    | Gained mutation: Your body sometimes deteriorates upon
                  | taking damage. [an orb of fire]
 22638 | Zot:3    | Gained mutation: Armour fits poorly on your strangely
                  | shaped body. [an orb of fire]
 22643 | Zot:3    | Gained mutation: You are very clumsy. (Dex -4) [an orb of
                  | fire]
 22656 | Zot:3    | Gained mutation: You are occasionally teleported next to
                  | monsters. [an orb of fire]
 22660 | Zot:3    | Gained mutation: You are sometimes teleported next to
                  | monsters. [an orb of fire]
 22661 | Zot:3    | Gained mutation: You are weak. (Str -2) [an orb of fire]
 22662 | Zot:3    | Killed an orb of fire
 22686 | Zot:3    | Killed an orb of fire
 22729 | Zot:4    | Noticed an orb of fire
 22741 | Zot:4    | Gained mutation: You are very weak. (Str -4) [an orb of
                  | fire]
 22742 | Zot:4    | Gained mutation: You occasionally shout uncontrollably at
                  | your foes. [an orb of fire]
 22750 | Zot:4    | Gained mutation: You are frail. (-10% HP) [an orb of fire]
 22757 | Zot:4    | Killed an orb of fire
 22803 | Zot:4    | Reached skill level 21 in Axes
 22842 | Zot:5    | Entered Level 5 of the Realm of Zot
 22876 | Zot:5    | Reached XP level 22. HP: 158/199 MP: 10/10
 22902 | Zot:5    | Noticed a golden dragon
 22919 | Zot:5    | Killed a golden dragon
 23220 | Zot:5    | Noticed a curse toe
 23228 | Zot:5    | Killed a curse toe
 23261 | Zot:5    | Noticed an orb of fire
 23270 | Zot:5    | Gained mutation: Your magical capacity is low. (-10% MP)
                  | [an orb of fire]
 23273 | Zot:5    | Killed an orb of fire
 23274 | Zot:5    | Noticed an orb of fire
 23292 | Zot:5    | Gained mutation: Potions are less effective at restoring
                  | your health. [an orb of fire]
 23301 | Zot:5    | Killed an orb of fire
 23312 | Zot:5    | Noticed an orb of fire
 23316 | Zot:5    | Gained mutation: Scrolls take you a little longer to read.
                  | [an orb of fire]
 23330 | Zot:5    | Killed an orb of fire
 23360 | Zot:5    | Noticed an orb of fire
 23361 | Zot:5    | Lost mutation: Your mind is acute. (Int +2) [an orb of
                  | fire]
 23362 | Zot:5    | Gained mutation: You often lose your temper in combat. [an
                  | orb of fire]
 23370 | Zot:5    | Killed an orb of fire
 23437 | Zot:5    | Noticed an ancient lich
 23443 | Zot:5    | Noticed a Killer Klown
 23458 | Zot:5    | Killed an ancient lich
 23466 | Zot:5    | Killed a Killer Klown
 23474 | Zot:5    | Noticed an orb of fire
 23476 | Zot:5    | Gained mutation: Your body often deteriorates upon taking
                  | damage. [an orb of fire]
 23476 | Zot:5    | Gained mutation: You have an uncontrollable temper. [an orb
                  | of fire]
 23477 | Zot:5    | Gained mutation: You are very frail. (-20% HP) [an orb of
                  | fire]
 23484 | Zot:5    | Noticed a Killer Klown
 23488 | Zot:5    | Killed an orb of fire
 23511 | Zot:5    | Killed a Killer Klown
 23645 | Zot:5    | Reached XP level 23. HP: 185/185 MP: 3/3
 23665 | Zot:5    | Noticed a Killer Klown
 23696 | Zot:5    | Killed a Killer Klown
 23696 | Zot:5    | Reached skill level 22 in Axes
 23763 | Zot:5    | Noticed an ancient lich
 23770 | Zot:5    | Killed an ancient lich
 23806 | Zot:5    | Noticed an ancient lich
 23815 | Zot:5    | Noticed an ancient lich
 23832 | Zot:5    | Killed an ancient lich
 23844 | Zot:5    | Killed an ancient lich
 24063 | Zot:5    | Noticed an ancient lich
 24067 | Zot:5    | Got the Orb of Zot
 24235 | Depths:1 | Noticed Ginum the pandemonium lord
 24248 | Depths:1 | Slain by Ginum the pandemonium lord

Levels and vault maps discovered:
D:1:      dpeg_arrival_water_temple_mockup, layout_basic
D:2:      layout_loops_corners, grunt_temple_overflow_holy_war, first_ration,
          uniq_natasha, uniq_terence, uniq_crazy_yiuf_cottage
D:3:      layout_rooms, minmay_misc_feat_diagonals
D:4:      layout_cave_pools, serial_shops, nicolae_shop_overgrown_old_shop,
          tso_altar
D:5:      minmay_angry_zag, layout_loops_ring, kennysheep_mini,
          minmay_temple_entry_junction_2, basic_altar
D:6:      layout_basic, okawaru_metal_pillars_3, uniq_blork_the_orc,
          uniq_duvessa
D:7:      layout_cave_pods, lemuel_doored_altar, uniq_pikel
D:8:      layout_loops_ring, hangedman_ranch [blue_anna_fruit_fields]
D:9:      layout_loops_cross, minmay_tree_intersection
D:10:     layout_loops_ring, serial_bayou, serial_bayou_crossing,
          serial_bayou_pond_e, serial_bayou_shore_b, serial_bayou_pond_c,
          serial_bayou_lake_a, serial_bayou_pond_e, kennysheep_diamond
D:11:     layout_roguey, david_lair_shrubbed, orc_0_dummy, basic_altar
D:12:     layout_long_grid
D:13:     layout_loops_ring, david_vaults_3, serial_shops,
          nicolae_shop_window_shopping
D:14:     layout_roguey, minmay_holes, hangedman_feature_mirror,
          serial_park_tiny_pond, guppyfry_shop_earth, uniq_josephine
D:15:     gammafunk_enter_depths_forms, layout_rooms, nrook_campfire
Temple:   eino_narrow_crystal_temple
Lair:1:   layout_cave_pods, portal_ice_cave_demonic_guard
Lair:2:   layout_loops_ring, swamp_mist, infiniplex_staircase_pool, uniq_maggie
Lair:3:   layout_regular_city, spider_nest_entry_rubble
Lair:4:   layout_regular_city
Swamp:1:  layout_basic_swamp, hangedman_swamp_cone, uniq_frances, uniq_roxanne
Swamp:2:  layout_basic_swamp, evilmike_swamp_ruin_house_2,
          hangedman_swamp_wriggling, uniq_louise
Swamp:3:  layout_falls_marsh, serial_swamp_ruin, evilmike_swamp_ruin_rubble_1,
          hangedman_swamp_ruin_wall, evilmike_swamp_ruin_house_5
Swamp:4:  swamp_old_school, layout_basic_swamp, swamp_pool3,
          hangedman_swamp_lotus
Spider:1: layout_chambers
Spider:2: layout_spider_delve, uniq_arachne, uniq_kirke
Spider:3: layout_spider_delve, minivault_29, uniq_bai_suzhen
Spider:4: grunt_spider_rune_circles, uniq_agnes, uniq_aizul
Orc:1:    layout_diamond_mine, nicolae_volcano_entry_lava_flow, serial_shops,
          shop_scrolls, minmay_orc_temple_b
Orc:2:    grunt_orc_cross, layout_diamond_mine, serial_shops,
          nicolae_shop_behind_doors
Vaults:1: vaults_mumra_chevron_long, ontoclasm_vaults_twist, vaults_mumra_hex,
          nicolae_vaults_alarming, v_misc_15, grunt_vaults_hallway_long,
          vaults_room_large_hall, ontoclasm_vaults_misaligned,
          vaults_mumra_chevron, nicolae_vaults_diagonal_hallway_7,
          vaults_mumra_hexcomb, ontoclasm_vaults_chip, dpeg_vaults_monster_box,
          layout_vaults_ring
Vaults:2: nicolae_vaults_shelves_hall, nicolae_vaults_network_periphery,
          vaults_mumra_bighexcomb, v_misc_13, minmay_crypt_entry_necro_gods,
          hangedman_vaults_nails, vaults_room_mumra_shop_pool, v_misc_5,
          hangedman_vaults_maws, vaults_dpeg_spiral, grunt_vaults_funnel,
          ontoclasm_vaults_fault, layout_vaults_big_room
Vaults:3: st_lines, vaults_room_semicircle, vaults_dpeg_encased_lava,
          ontoclasm_vaults_bender, hangedman_vaults_trim,
          nicolae_vaults_asterisk, layout_vaults_omnigrid, serial_shops, shop,
          nicolae_shop_window_shopping, shop, shop_fountains, uniq_asterion
Vaults:4: ontoclasm_vaults_hangar, vaults_room_pool, v_misc_17,
          dpeg_vaults_monster_row, ontoclasm_vaults_eye,
          nicolae_vaults_statue_guard, hangedman_vaults_stretched_pinwheel,
          hangedman_vaults_unwind, nicolae_vaults_border_crossing,
          vaults_room_door_hall, v_misc_22, ontoclasm_vaults_chip,
          layout_vaults_omnicross
Vaults:5: serial_shops
Depths:1: layout_big_octagon, hell_entry, minmay_misc_feat_enclosed,
          serial_shops, bzr_entry_safe, nemelex_xobeh_ov_fountains_minmay,
          grunt_megastairs_3
Depths:2: minmay_quarter_circles, layout_cave_shapes, pf_hell_entry_tar_river,
          minmay_misc_feat_ornament, serial_rivers,
          chequers_serial_rivers_small_b, chequers_serial_rivers_micro_e,
          chequers_serial_rivers_small_a, chequers_serial_rivers_small_b
Depths:3: grated_community_mu [grated_community_mu_vampire_home,
          grated_community_mu_giant_home, grated_community_mu_spellcaster_home,
          grated_community_mu_orcish_home, grated_community_mu_troll_home,
          grated_community_mu_taur_home, grated_community_mu_unbuilt_plot],
          layout_cave_shapes, enter_ziggurat_c, minmay_misc_feat_doors,
          pf_coc_iceberg, rand_demon_pan_entry_5, uniq_nikola, uniq_sojobo
Depths:4: cheibrodos_cascadia, layout_small_grid, serial_hangedman_research,
          hangedman_research_thermodynamics, hangedman_research_toxicology,
          hangedman_research_convocations, hangedman_research_electronics,
          hangedman_research_pyrotechnics, hangedman_research_geology,
          serial_shops, shop_fountains, abyss_entry_small_statue_room,
          grunt_metal_band, serial_bayou_lagoon_a, hangedman_decor_push
Depths:5: grunt_zot_entry_alcove, layout_cave_pools, nrook_mini_backslash,
          hell_entry
Zot:1:    layout_gridlike
Zot:2:    layout_onion_interference
Zot:3:    circus_mu, layout_concentric_octagons, ebering_ghost_xom,
          st_stairs_10, grunt_ministairs_3, lemuel_lake_of_fire
Zot:4:    layout_misc_corridors, zot_minivault_1
Zot:5:    layout_onion

Skill      XL: |  1  2  3  4  5  6  7  8  9 10 11 12 13 14 15 16 17 18 19 20 21 22 23 |
---------------+----------------------------------------------------------------------+-----
Fighting       | 3 4 5 6 7 8 9 10 11 12 13 14 15 16 17 18 19 | 19.5
Axes           | 3 4 5 7 8 9 11 12 13 14 15 16 17 18 19 20 21 22 | 22.4
Dodging        | 1 2 3 4 5 6 7 8 9 10 11 12 13 14 15 16 17 18 | 18.4
Armour         | 4 5 6 7 8 9 10 11 12 13 14 15 16 | 16.9
Shields        | 4 5 6 7 8 9 10 11 12 13 14 15 16 | 16.8
Invocations    | 1 3 5 6 8 9 10 11 12 13 14 15 16 17 18 | 18.9

Action                   |  1- 3 |  4- 6 |  7- 9 | 10-12 | 13-15 | 16-18 | 19-21 | 22-24 || total
-------------------------+-------+-------+-------+-------+-------+-------+-------+-------++-------
Melee: War axe           |    19 |       |       |       |       |       |       |       ||    19
       Hand axe          |    47 |   116 |   454 |  1355 |   392 |       |       |       ||  2364
       Bite              |       |       |    56 |   187 |   213 |   141 |   145 |    57 ||   799
       Unarmed           |       |       |    13 |       |       |       |       |     1 ||    14
       Broad axe         |       |       |       |       |  1200 |   995 |  1046 |   481 ||  3722
Throw: Throwing net      |       |       |       |     1 |       |       |       |       ||     1
Invok: Lesser Servant of |       |       |       |     7 |    21 |     5 |    17 |       ||    50
       Greater Servant o |       |       |       |       |     4 |    17 |     2 |    10 ||    33
 Abil: Heal Wounds       |       |     1 |     6 |    28 |    26 |    31 |    18 |    28 ||   138
Evoke: Lamp of fire      |       |       |       |       |       |     1 |       |       ||     1
       Phantom mirror    |       |       |       |       |       |     1 |       |       ||     1
       Wand              |       |       |       |       |       |       |       |     2 ||     2
  Use: Scroll            |       |       |    15 |     9 |    20 |     7 |     9 |       ||    60
       Potion            |       |       |     2 |     3 |       |     5 |     1 |    14 ||    25
 Stab: Confused          |       |       |       |     2 |     3 |       |     1 |     1 ||     7
       Distracted        |       |       |       |       |    12 |     5 |     6 |     8 ||    31
       Invisible         |       |       |       |       |       |     2 |     7 |       ||     9
  Eat: Chunk             |       |       |     8 |    19 |    27 |     7 |     5 |       ||    66
       Ration            |       |       |     1 |       |     1 |     1 |     5 |     1 ||     9
Armor: Scale mail        |    38 |     4 |       |       |       |       |       |       ||    42
       Chain mail        |       |    45 |   124 |   247 |   816 |   578 |   117 |       ||  1927
       Skin              |       |       |     1 |       |       |       |       |       ||     1
       Plate armour      |       |       |   105 |   473 |       |       |       |       ||   578
       Gold dragon scale |       |       |       |       |       |       |   409 |   181 ||   590
Dodge: Dodged            |    46 |    26 |   132 |   389 |   500 |   361 |   333 |    78 ||  1865
Block: Kite shield       |    47 |    57 |   248 |   665 |   424 |       |       |       ||  1441
       Tower shield      |       |       |       |       |  1008 |  1350 |  1346 |   414 ||  4118

Table legend:
 A = Non-vault XP
 B = Vault XP
 C = Vault XP percentage of total XP
 D = Non-vault monster count
 E = Vault monster count
 F = Vault count percentage of total count
                 A         B        C        D         E       F
            +---------+---------+-------+---------+---------+-------
      Total |  494638 |  429194 |  46.5 |    1001 |     441 |  30.6
            +---------+---------+-------+---------+---------+-------
        D:1 |       6 |       0 |   0.0 |       4 |       0 |   0.0
        D:2 |      20 |       0 |   0.0 |       3 |       0 |   0.0
        D:4 |     724 |       0 |   0.0 |      28 |       0 |   0.0
        D:5 |     178 |      48 |  21.2 |      11 |       3 |  21.4
        D:6 |     445 |     315 |  41.4 |      15 |       3 |  16.7
        D:7 |     777 |     663 |  46.0 |      21 |       1 |   4.5
        D:8 |    2019 |    1069 |  34.6 |      31 |       6 |  16.2
        D:9 |    2765 |       0 |   0.0 |      24 |       0 |   0.0
       D:10 |     877 |      88 |   9.1 |      10 |       1 |   9.1
       D:11 |    4110 |     372 |   8.3 |      35 |       1 |   2.8
       D:12 |    4740 |       0 |   0.0 |      24 |       0 |   0.0
       D:13 |    7333 |    6362 |  46.5 |      38 |      20 |  34.5
       D:14 |   10515 |    2438 |  18.8 |      30 |       9 |  23.1
       D:15 |    8294 |    3646 |  30.5 |      23 |      11 |  32.4
     Lair:1 |    1989 |     687 |  25.7 |      10 |       2 |  16.7
     Lair:2 |    5892 |     376 |   6.0 |      24 |       1 |   4.0
     Lair:3 |    5801 |     224 |   3.7 |      20 |       1 |   4.8
     Lair:4 |    1125 |       0 |   0.0 |       6 |       0 |   0.0
    Swamp:1 |   14359 |       0 |   0.0 |      30 |       0 |   0.0
    Swamp:2 |    7458 |    3059 |  29.1 |      18 |       6 |  25.0
    Swamp:3 |    6827 |       0 |   0.0 |      16 |       0 |   0.0
    Swamp:4 |    6345 |   11593 |  64.6 |      23 |      21 |  47.7
   Spider:1 |    8813 |       0 |   0.0 |      23 |       0 |   0.0
   Spider:2 |     556 |       0 |   0.0 |       1 |       0 |   0.0
   Spider:3 |    1200 |       0 |   0.0 |       4 |       0 |   0.0
   Spider:4 |   14936 |   20930 |  58.4 |      42 |      36 |  46.2
      Orc:1 |    8258 |     245 |   2.9 |      57 |      16 |  21.9
      Orc:2 |    3357 |    6013 |  64.2 |      27 |      34 |  55.7
   Vaults:1 |   15755 |    6125 |  28.0 |      24 |      13 |  35.1
   Vaults:2 |    8119 |    7984 |  49.6 |      20 |      11 |  35.5
   Vaults:3 |    2067 |    2778 |  57.3 |       4 |       1 |  20.0
   Vaults:4 |   48021 |   23642 |  33.0 |      68 |      32 |  32.0
   Vaults:5 |   50125 |  132335 |  72.5 |      76 |      93 |  55.0
   Depths:1 |    2373 |       0 |   0.0 |       2 |       0 |   0.0
   Depths:2 |    9947 |    3243 |  24.6 |      15 |       3 |  16.7
   Depths:3 |   34465 |    2367 |   6.4 |      41 |       6 |  12.8
   Depths:4 |   30852 |       0 |   0.0 |      43 |       0 |   0.0
   Depths:5 |   22610 |   20273 |  47.3 |      23 |      15 |  39.5
      Zot:2 |    2046 |       0 |   0.0 |       1 |       0 |   0.0
      Zot:3 |    9386 |   20305 |  68.4 |       6 |       5 |  45.5
      Zot:4 |   38984 |       0 |   0.0 |      21 |       0 |   0.0
      Zot:5 |   90169 |  137751 |  60.4 |      59 |      38 |  39.2
      IceCv |       0 |   12100 | 100.0 |       0 |      46 | 100.0
    Volcano |       0 |    2163 | 100.0 |       0 |       6 | 100.0
            +---------+---------+-------+---------+---------+-------
